 Dungeon Crawl Stone Soup version 0.29-a0-330-g52719c12eb (webtiles) character file.

Game seed: 6885873239888895345

1318 HoaS the Quickloader (level 8, 0/53 HPs)
             Began as a Kobold Hunter on May 26, 2022.
             Was an Initiate of Makhleb.
             Slain by Crazy Yiuf
             ... wielding a +4 quarterstaff of chaos
              (2 damage)
             ... on level 5 of the Dungeon.
             The game lasted 00:17:16 (6035 turns).

HoaS the Quickloader (Kobold Hunter)                Turns: 6035, Time: 00:17:16

Health: 0/53       AC:  7    Str:  8    XL:     8   Next: 90%
Magic:  2/8        EV: 19    Int: 11    God:    Makhleb [......]
Gold:   283        SH:  0    Dex: 26    Spells: 7/7 levels left

rFire   . . .      SeeInvis .   a - +4 hand crossbow
rCold   . . .      Faith    .   (no shield)
rNeg    . . .      Spirit   .   b - +0 leather armour
rPois   +          Reflect  .   w - +0 helmet
rElec   +          Harm     .   (no cloak)
rCorr   .          Rampage  .   (no gloves)
Will    .....                   l - +2 pair of boots
Stlth   ++++......              (no amulet)
HPRegen 0.17/turn               u - ring of poison resistance
MPRegen 0.11/turn               f - +6 ring of dexterity

@: brilliant, flying, invisible (expiring)
A: small, no large weapons, nightstalker 3, electricity resistance
a: Renounce Religion


You were on level 5 of the Dungeon.
You worshipped Makhleb.
Makhleb was noncommittal.
You visited 2 branches of the dungeon, and saw 6 of its levels.

You collected 283 gold pieces.

Inventory:

Hand Weapons
 a - a +4 hand crossbow (weapon)
Armour
 b - a +0 leather armour (worn)
 l - a +2 pair of boots (worn)
 w - a +0 helmet (worn)
Jewellery
 e - a ring of positive energy
 f - a +6 ring of dexterity (right hand)
 j - a ring of fire
 p - a ring of positive energy
 r - a ring of flight
 u - a ring of poison resistance (left hand)
Wands
 h - a wand of flame (14)
 i - a wand of paralysis (4)
Scrolls
 c - 3 scrolls of immolation
 n - a scroll of teleportation
 x - a scroll of fog {unknown}
Potions
 d - 2 potions of resistance
 g - a potion of berserk rage {unknown}
 k - a potion of lignification {unknown}
 m - a potion of mutation
 o - 2 potions of brilliance
 q - a potion of ambrosia {unknown}
 s - a potion of flight
 t - a potion of curing {unknown}
 v - a potion of magic {unknown}
 z - a potion of attraction {unknown}


   Skills:
 * Level 7.1 Fighting
 - Level 10.0 Crossbows
 + Level 5.7 Dodging
 - Level 3.0 Stealth


You had 7 spell levels left.
You didn't know any spells.
Your spell library was empty.

Dungeon Overview and Level Annotations

Branches:
Dungeon (5/15)             Temple (1/1) D:5

Altars:
Ashenzari
Cheibriados
Elyvilon
Fedhas
Gozag
Hepliaklqana
Kikubaaqudgha
Makhleb
Okawaru
Ru
Sif Muna
Trog
Uskayaw
Vehumet
Wu Jian
Yredelemnul
Zin
The Shining One

Annotations:
D:5 exclusion: moth of wrath, Crazy Yiuf


Innate Abilities, Weirdness & Mutations

You are small and have problems with some larger weapons.
You are completely attuned to the shadows.
You are resistant to electric shocks. (rElec)


Message History

You shoot a bolt. Something hits you. x2
You fade into invisibility!
You shoot a bolt. Something hits you.
You shoot a bolt. Something hits you. Something freezes you.
You shoot a bolt. Something hits you! Space warps around you.
You shoot a bolt. Something hits you!
You feel your power leaking away.
You are too injured to fight recklessly!
You are too injured to fight recklessly!
You are too injured to fight recklessly!
You are too injured to fight recklessly!
You are too injured to fight recklessly!
You are too injured to fight recklessly!
You are too injured to fight recklessly!
You are too injured to fight recklessly!
You are too injured to fight recklessly!
You are too injured to fight recklessly!
You are too injured to fight recklessly!
It was a potion of brilliance.
You feel clever all of a sudden. Something closely misses you.
It was a potion of flight.
You feel very buoyant.
You fly up into the air.
Something closely misses you.
It was a potion of mutation.
You feel extremely strange.
You feel clumsy.
You feel insulated.
You feel agile. Something misses you. Something barely misses you.
You flicker for a moment.
Something hits you.
* * * LOW HITPOINT WARNING * * *
Something freezes you.
* * * LOW HITPOINT WARNING * * *
Something closely misses you. Something hits you!
* * * LOW HITPOINT WARNING * * *
Something burns you.
* * * LOW HITPOINT WARNING * * *
Something hits you.
You die...

#.#
#....####.#.#
#.# #....#
#.#.# #.#
#....#
#...####### #.#
#...##
#.........# #.#
##.##
#.....###.# ###
#)##
#####.###.##
##.# #...)...
#)## #####.##
##@# #...# #{#
#.### ..) #.#
#)..# #.# #).)#
##.## ##...##
##.....## ###
#.......#
#.#####........


There were no monsters in sight!

Vanquished Creatures
  Pikel (D:5)
  Eustachio (D:5)
  An ogre (D:5)
  4 lemures (D:4)
  A scorpion (D:5)
  A gnoll sergeant (D:5)
  A jelly (D:5)
  A gnoll shaman (D:5)
  2 orc priests (D:5)
  Jessica (D:2)
  3 iguanas
  3 orc wizards
  11 gnolls
  3 adders
  2 ufetubi (D:5)
  4 worms
  4 dart slugs
  9 orcs
  5 endoplasms
  6 giant cockroaches
  6 goblins
  4 hobgoblins (D:1)
  3 quokkas
  10 ball pythons
  4 bats
  2 frilled lizards (D:1)
  8 kobolds
  10 rats
111 creatures vanquished.

Vanquished Creatures (others)
  3 fungi (D:1)
  A plant (D:1)
4 creatures vanquished.

Grand Total: 115 creatures vanquished

Notes
Turn   | Place    | Note
-------+----------+-------------------------------------------
     0 | D:1      | HoaS the Kobold Hunter began the quest for the Orb.
     0 | D:1      | Reached XP level 1. HP: 12/12 MP: 1/1
   151 | D:1      | Reached XP level 2. HP: 17/17 MP: 2/2
   208 | D:1      | Reached skill level 6 in Crossbows
   528 | D:1      | Reached XP level 3. HP: 21/21 MP: 3/3
   532 | D:1      | Found a faded altar of an unknown god.
  1045 | D:2      | Noticed Jessica
  1058 | D:2      | Killed Jessica
  1059 | D:2      | Reached skill level 7 in Crossbows
  1059 | D:2      | Reached XP level 4. HP: 6/26 MP: 4/4
  2128 | D:3      | Reached XP level 5. HP: 30/30 MP: 5/5
  2131 | D:3      | Reached skill level 8 in Crossbows
  2897 | D:4      | Found a snail-covered altar of Cheibriados.
  3195 | D:4      | Found a sacrificial altar of Ru.
  3509 | D:4      | Reached XP level 6. HP: 35/35 MP: 6/6
  3676 | D:4      | Reached skill level 9 in Crossbows
  3877 | D:5      | Entered Level 5 of the Dungeon
  4134 | D:5      | Reached skill level 10 in Crossbows
  4141 | D:5      | Reached XP level 7. HP: 40/40 MP: 7/7
  4215 | D:5      | Noticed Pikel
  4403 | D:5      | Noticed Eustachio
  4420 | D:5      | Killed Eustachio
  4938 | D:5      | Reached XP level 8. HP: 45/48 MP: 8/8
  5222 | D:5      | Killed Pikel
  5223 | D:5      | Reached skill level 5 in Dodging
  5231 | D:5      | Found a glowing silver altar of Zin.
  5389 | D:5      | Found a staircase to the Ecumenical Temple.
  5395 | Temple   | Entered the Ecumenical Temple
  5584 | Temple   | Became a worshipper of Makhleb the Destroyer
  5796 | D:5      | Found a runed translucent door.
  5799 | D:5      | Noticed Crazy Yiuf
  5834 | D:5      | Noticed a moth of wrath
  5837 | D:5      | Found a bloodstained altar of Trog.
  6030 | D:5      | Gained mutation: You are clumsy. (Dex -2) [potion of
                  | mutation]
  6030 | D:5      | Gained mutation: You are resistant to electric shocks.
                  | (rElec) [potion of mutation]
  6030 | D:5      | Lost mutation: You are clumsy. (Dex -2) [potion of
                  | mutation]
  6034 | D:5      | HP: 2/53 [something (2)]
  6035 | D:5      | Slain by Crazy Yiuf

Illustrated notes

Levels and vault maps discovered:
D:1:      dpeg_arrival_rooms_with_view, layout_basic,
          shapermc_ecumenical_altar_gd, dreamdust_princess_bridge
D:2:      layout_loops_ring, uniq_jessica
D:3:      layout_basic, minivault_23, hex_tiny
D:4:      layout_loops_corners, nicolae_overflow_crystal_walls,
          mainiacjoe_overflow_catwalk
D:5:      layout_loops_ring, tgw_trog, zin_treasury,
          minmay_temple_entry_crystal_x, uniq_eustachio, uniq_pikel, uniq_ijyb,
          uniq_crazy_yiuf_cottage
Temple:   eino_narrow_crystal_temple

Skill      XL: |  1  2  3  4  5  6  7  8 |
---------------+-------------------------+-----
Crossbows      | 6 7 8 10 | 10.0
Fighting       | 4 7 |  7.1
Stealth        | 3 |  3.0
Dodging        | 4 5 |  5.7

Action                   |  1- 3 |  4- 6 |  7- 9 || total
-------------------------+-------+-------+-------++-------
 Fire: Hand crossbow     |    64 |   109 |   189 ||   362
  Use: Scroll            |     4 |     8 |     1 ||    13
       Potion            |       |       |     5 ||     5
Armor: Leather armour    |     2 |     2 |    16 ||    20
Dodge: Dodged            |     7 |    18 |    89 ||   114

Table legend: (Time is in decaauts)
 A = Elapsed time spent in this place.
 B = Non-inter-level travel time spent in this place.
 C = Inter-level travel time spent in this place.
 D = Time resting spent in this place.
 E = Time spent auto-exploring this place.
 F = Levels seen in this place.
 G = Mean time per level.
                   A        B        C        D        E       F      G
               +--------+--------+--------+--------+--------+-----+--------+
         Total |   6076 |   5923 |    153 |   1225 |   3799 |   6 | 1012.7 |
       Dungeon |   5872 |   5747 |    125 |   1225 |   3634 |   5 | 1174.4 |
        Temple |    204 |    176 |     28 |      0 |    165 |   1 |  204.0 |
               +--------+--------+--------+--------+--------+-----+--------+

Top non-repeatable levels by time:
     D:5: 1671 daAuts
     D:4: 1451 daAuts
     D:2: 1036 daAuts
     D:1: 950 daAuts
     D:3: 761 daAuts
  Temple: 204 daAuts
